 Dungeon Crawl Stone Soup version 0.17.0-56-gd8de76c (webtiles) character file.

16557 Peloso the Blocker (level 12, 0/106 HPs)
             Began as a Minotaur Fighter on Dec 5, 2015.
             Was a High Priest of Okawaru.
             Shot with an arrow of frost by a centaur (1 damage)
             ... on level 11 of the Dungeon.
             The game lasted 00:41:27 (13644 turns).

Peloso the Blocker (Minotaur Fighter)              Turns: 13644, Time: 00:41:27

Health: 0/106      AC: 17    Str: 24    XL:     12   Next: 11%
Magic:  9/12       EV:  6    Int:  5    God:    Okawaru [*****.]
Gold:   45         SH: 12    Dex: 12    Spells: 0 memorised, 11 levels left

rFire  . . .     SeeInvis +     d - +3 scimitar
rCold  . . .     Clarity  .     y - +0 plate armour
rNeg   . . .     SustAt   .     c - +1 shield
rPois  .         Gourm    .     (helmet restricted)
rElec  .         Spirit   .     K - +2 cloak {+Inv}
rCorr  .         Warding  .     H - +0 pair of gloves
rMut   .         Stasis   .     (no boots)
MR     .....                    J - amulet of faith
Stlth  ..........               x - +2 ring of slaying
                                h - ring of see invisible

@: finesse, very heavily drained, not resistant to hostile enchantments,
extremely unstealthy
A: retaliatory headbutt, horns 2
a: Heroism, Finesse, Renounce Religion, Evoke Invisibility


You were on level 11 of the Dungeon.
You worshipped Okawaru.
Okawaru was extremely pleased with you.
You were not hungry.

You visited 2 branches of the dungeon, and saw 13 of its levels.

You collected 650 gold pieces.
You spent 605 gold pieces at shops.

Inventory:

Hand Weapons
 a - a +1 long sword
 d - a +3 scimitar (weapon)
 l - a +2 whip of flaming
 z - a cursed -2 short sword
 E - a cursed +3 trident
Armour
 c - a +1 shield (worn)
 y - a +0 plate armour (worn)
 H - a +0 pair of gloves (worn)
 K - a +2 cloak of invisibility (worn)
Jewellery
 h - a ring of see invisible (left hand)
 t - an uncursed ring of magical power
 x - a +2 ring of slaying (right hand)
 A - an uncursed amulet of rage
 J - an amulet of faith (around neck)
Wands
 v - a wand of fire (8)
 I - a wand of magic darts (12)
 L - a wand of random effects (11)
Scrolls
 g - 9 scrolls of teleportation
 i - a scroll of amnesia
 k - 4 scrolls of magic mapping
 n - 2 scrolls of enchant weapon
 p - 7 scrolls of remove curse
 w - a scroll of fog
 D - a scroll of blinking
 G - a scroll of silence {unknown}
 N - a scroll of identify
Potions
 j - 3 potions of cancellation
 o - 2 potions of invisibility
 q - a potion of brilliance
 s - a potion of agility
 B - 2 potions of flight {unknown}
 C - 2 potions of magic
 F - 3 potions of haste {unknown}
Comestibles
 b - 10 royal jellies
 e - 7 bread rations
 f - 2 meat rations
 m - 7 fruits
 r - 2 beef jerkies


   Skills:
 + Level 10.2(5.6) Fighting
 + Level 11.6(6.8) Long Blades
 + Level 11.3(6.5) Armour
 + Level 7.6(3.3) Dodging
 + Level 2.1(0.0) Stealth
 + Level 12.1(7.2) Shields
 + Level 2.4(0.0) Invocations


You had 11 spell levels left.
You didn't know any spells.

Dungeon Overview and Level Annotations

Branches:
Dungeon (12/15)            Temple (1/1) D:5            Lair (0/8) D:11
    Orc (0/4) D:11

Altars:
Ashenzari
Cheibriados
Dithmenos
Elyvilon
Fedhas
Kikubaaqudgha
Makhleb
Okawaru
Qazlal
Sif Muna
Trog
Vehumet
Xom
Yredelemnul
Zin
The Shining One

Shops:
D:4 =   D:6 (   D:11 [

Annotations:
D:12 Kloppie's ghost, journeyman DrAE


Innate Abilities, Weirdness & Mutations

You reflexively headbutt those who attack you in melee.
You have a pair of horns on your head.


Message History

You climb upwards.
The ghost fades into the shadows.
Kloppie's ghost disappears!
The centaur shoots an arrow of frost.
You block the arrow of frost.
A centaur comes into view.
There is a stone staircase leading down here.
You see here an arrow of frost.
The centaur shoots an arrow of frost.
You block the arrow of frost.
You see here an arrow of frost.
The centaur shoots an arrow of frost.
The arrow of frost closely misses you.
The centaur shoots an arrow of frost.
You block the arrow of frost.
A centaur comes into view.
Items here: ( )) [[ an arrow of frost; a leather armour; a flail; a robe; a dagger The centaur shoots an arrow of frost.
You block the arrow of frost.
The centaur shouts!
You hear a shout!
You hear a shout!
You feel like a meek peon again.
The centaur shoots an arrow of frost.
The arrow of frost hits you.
* * * LOW HITPOINT WARNING * * *
x2 The arrow of frost freezes you.
You die...

#..##...# #..........#
#. #..##...#
#..)...[...# #.
#..##...# #.(........#
#.
#.)##...#####.c........#
#.
#.(##.........(...).c..#
#.
#.)##........[c.(..cc..#
#.
#.(...........######c[.#
#. #.............# #.).#
#. #............@# #.[.#
#. #..###........#
#...######. #..#
#........# #...c..<...
#..# #........#
#....c..... #..#
#........# #..c######.
#..# #........# #...# #.
#..# #........######...#
#. #..#
#.................# #.
#..# #.................#
#.


You could see 2 centaurs.

Vanquished Creatures
  The ghost of Acur the Carver, a novice OpFi of Dithmenos (D:10)
  An unseen horror (D:10)
  Pikel (D:6)
  A hill giant (D:11)
  An ugly thing (D:11)
  3 centaur zombies
  A cyclops (D:11)
  Maurice (D:9)
  3 centaur skeletons
  Psyche (D:8)
  2 gargoyles
  A komodo dragon (D:11)
  4 trolls
  Grinder (D:6)
  Prince Ribbit (D:8)
  A two-headed ogre (D:11)
  2 deep elf magi (D:12)
  Sigmund (D:6)
  A wyvern (D:10)
  16 yaks
  Eustachio (D:6)
  A hungry ghost (D:9)
  Duvessa (D:6)
  6 ogres
  2 sky beasts
  7 orc warriors
  4 necrophages
  4 slaves
  4 ice beasts
  A black bear (D:10)
  6 phantoms
  5 centaurs
  5 big kobolds
  6 giant frogs
  Dowan (D:6)
  2 scorpions
  5 wights (D:10)
  9 killer bees (D:7)
  2 giant frog zombies
  6 crimson imps
  The ghost of seesque the Conjurer, a weakling OpFE of Vehumet (D:6)
  3 hounds
  10 orc priests
  8 orc wizards
  2 quasits
  4 jellies
  6 worker ants
  Terence (D:2)
  4 sheep (D:11)
  6 gnolls
  2 worker ant zombies
  14 adders
  A shadow imp (D:9)
  5 oozes (D:8)
  3 worms (D:2)
  2 adder skeletons
  10 giant geckos
  59 orcs
  2 giant cockroaches
  2 hobgoblins
  27 kobolds
  3 quokkas
  3 ball pythons
  A ball python skeleton (D:4)
  8 bats
  2 giant gecko skeletons (D:7)
  2 giant newts
  3 goblins
  6 jackals
  A jackal skeleton (D:7)
  7 rats
330 creatures vanquished.

Vanquished Creatures (others)
  An orc priest (D:12)
  A worker ant (D:12)
  2 bushes (D:11)
  13 plants (D:11)
17 creatures vanquished.

Grand Total: 347 creatures vanquished

Notes
Turn   | Place    | Note
--------------------------------------------------------------
     0 | D:1      | Peloso the Minotaur Fighter began the quest for the Orb.
     0 | D:1      | Reached XP level 1. HP: 19/19 MP: 0/0
   297 | D:1      | Reached skill level 4 in Shields
   297 | D:1      | Reached XP level 2. HP: 22/27 MP: 1/1
   675 | D:2      | Reached XP level 3. HP: 31/33 MP: 2/2
   788 | D:2      | Found a faded altar to an unknown god.
   800 | D:2      | Became a worshipper of Ashenzari the Shackled
   800 | D:2      | Reached * piety under Ashenzari
   829 | D:2      | Reached skill level 1 in Dodging
   831 | D:2      | Fell from the grace of Ashenzari
   880 | D:2      | Noticed Terence
   900 | D:2      | Killed Terence
   900 | D:2      | Reached XP level 4. HP: 30/40 MP: 3/3
   941 | D:2      | Noticed a moth of wrath
   944 | D:2      | Found a bloodstained altar of Trog.
  1131 | D:2      | You fall through a shaft!
  1353 | D:3      | Was forgiven by Ashenzari
  1384 | D:3      | HP: 2/41 [poisoned by an adder]
  1620 | D:3      | Reached XP level 5. HP: 37/47 MP: 4/4
  2038 | D:4      | Found a shadowy altar of Dithmenos.
  2038 | D:4      | Noticed a phantom
  2066 | D:4      | Killed a phantom
  2281 | D:4      | Reached skill level 5 in Armour
  2281 | D:4      | Reached skill level 5 in Shields
  2536 | D:4      | Reached XP level 6. HP: 50/55 MP: 5/5
  2702 | D:4      | Found Gammo's Jewellery Boutique.
  2799 | D:4      | Reached skill level 5 in Fighting
  3034 | D:5      | Entered Level 5 of the Dungeon
  3198 | D:5      | Reached skill level 6 in Armour
  3198 | D:5      | Reached XP level 7. HP: 38/61 MP: 6/6
  3604 | D:5      | Found a staircase to the Ecumenical Temple.
  3614 | Temple   | Entered the Ecumenical Temple
  3621 | Temple   | Became a worshipper of Warmaster Okawaru
  3971 | D:6      | Noticed Sigmund
  3986 | D:6      | Killed Sigmund
  3986 | D:6      | Reached * piety under Okawaru
  3986 | D:6      | Reached skill level 5 in Long Blades
  3986 | D:6      | Reached skill level 7 in Armour
  3986 | D:6      | Reached XP level 8. HP: 45/70 MP: 7/7
  4018 | D:6      | Noticed Pikel
  4046 | D:5      | HP: 2/70 [slave[Pikel] (8)]
  4405 | D:6      | Killed Pikel
  4405 | D:6      | Reached ** piety under Okawaru
  4405 | D:6      | Reached skill level 1 in Stealth
  4422 | D:6      | Noticed a yak
  4424 | D:6      | Noticed a yak
  4450 | D:5      | Killed a yak
  4527 | D:6      | Noticed a yak
  4529 | D:6      | Noticed a yak
  4542 | D:5      | Killed a yak
  4548 | D:5      | Killed a yak
  4644 | D:6      | Killed a yak
  4644 | D:6      | Reached XP level 9. HP: 35/78 MP: 8/8
  4677 | D:6      | Noticed seesque's ghost (weakling OpFE)
  4678 | D:6      | Reached skill level 1 in Invocations
  4834 | D:6      | Killed seesque's ghost
  4834 | D:6      | Reached skill level 5 in Dodging
  4875 | D:6      | Noticed Eustachio
  4898 | D:6      | Killed Eustachio
  4898 | D:6      | Reached skill level 8 in Armour
  5020 | D:6      | Noticed Dowan
  5021 | D:6      | Noticed Duvessa
  5034 | D:6      | Killed Dowan
  5042 | D:6      | Killed Duvessa
  5042 | D:6      | Reached *** piety under Okawaru
  5127 | D:6      | Noticed Grinder
  5155 | D:6      | Killed Grinder
  5612 | D:6      | Found Vuuv's Antique Weapon Shoppe.
  7002 | D:7      | Reached skill level 9 in Armour
  7096 | D:7      | Reached **** piety under Okawaru
  7231 | D:8      | Reached XP level 10. HP: 62/88 MP: 9/9
  7269 | D:8      | Noticed Psyche
  7469 | D:8      | Noticed Prince Ribbit
  7478 | D:8      | Killed Psyche
  7511 | D:8      | Killed Prince Ribbit
  7581 | D:8      | Found a shimmering altar of Xom.
  7581 | D:8      | Found a shimmering altar of Xom.
  7581 | D:8      | Found a shimmering altar of Xom.
  7581 | D:8      | Found a shimmering altar of Xom.
  7581 | D:8      | Found a shimmering altar of Xom.
  7581 | D:8      | Found a shimmering altar of Xom.
  7584 | D:8      | Found a shimmering altar of Xom.
  8023 | D:8      | Found a glowing golden altar of the Shining One.
  8057 | D:9      | Found a snail-covered altar of Cheibriados.
  8057 | D:9      | Found a shattered altar of Ashenzari.
  8305 | D:9      | Reached ***** piety under Okawaru
  8561 | D:9      | Found a radiant altar of Vehumet.
  8569 | D:9      | Found a glowing silver altar of Zin.
  8780 | D:10     | Entered Level 10 of the Dungeon
  8780 | D:10     | Noticed Maurice
  8788 | D:10     | Reached skill level 10 in Shields
  8813 | D:9      | Reached skill level 10 in Armour
  9141 | D:9      | Killed Maurice
  9141 | D:9      | Reached XP level 11. HP: 83/95 MP: 8/11
  9224 | D:10     | Noticed Acur's ghost (novice OpFi)
  9230 | D:10     | Killed an unseen horror
  9236 | D:10     | Reached skill level 10 in Long Blades
  9241 | D:10     | Killed Acur's ghost
 10118 | D:11     | Found a staircase to the Lair.
 10174 | D:11     | Noticed a hill giant
 10184 | D:11     | Killed a hill giant
 10482 | D:11     | Reached skill level 11 in Shields
 10505 | D:11     | Received a gift from Okawaru
 10658 | D:11     | Received a gift from Okawaru
 10910 | D:11     | Found a staircase to the Orcish Mines.
 10964 | D:11     | Found Huut's Armour Emporium.
 11154 | D:11     | Found a blossoming altar of Fedhas.
 11383 | D:11     | Reached skill level 10 in Fighting
 11697 | D:4      | Bought an uncursed ring of see invisible for 165 gold pieces
 11697 | D:4      | Bought an uncursed amulet of faith for 440 gold pieces
 12051 | D:12     | HP: 3/99 [gargoyle/stone arrow (25)]
 12059 | D:12     | HP: 2/99 [gargoyle/stone arrow (9)]
 12590 | D:12     | Reached XP level 12. HP: 72/106 MP: 12/12
 12642 | D:12     | Reached skill level 12 in Shields
 12645 | D:12     | Noticed Kloppie's ghost (journeyman DrAE)
 13143 | D:12     | HP: 3/106 [Kloppie's ghost/bolt of negative energy (27)]
 13617 | D:12     | Noticed a hill giant
 13632 | D:12     | HP: 1/106 [Kloppie's ghost/bolt of negative energy (15)]
 13644 | D:11     | HP: 2/106 [centaur/arrow of frost (2)]
 13644 | D:11     | Shot with an arrow of frost by a centaur

Action                   |  1- 3 |  4- 6 |  7- 9 | 10-12 || total
-------------------------+-------+-------+-------+-------++-------
Melee: Long sword        |    89 |   134 |   327 |   297 ||   847
       Scimitar          |       |       |       |   387 ||   387
Invok: Renounce Religion |     1 |       |       |       ||     1
       Heroism           |       |       |     3 |     8 ||    11
       Finesse           |       |       |       |     1 ||     1
 Abil: Evoke Invisibilit |       |       |       |     1 ||     1
  Use: Scroll            |       |    11 |     5 |     6 ||    22
       Potion            |       |       |     1 |     4 ||     5
 Stab: Invisible         |       |       |       |     2 ||     2
  Eat: Chunk             |       |     7 |    11 |    21 ||    39
       Fruit             |       |       |     3 |       ||     3
       Pizza             |       |       |       |     1 ||     1
